HS
JEFFERSON CITY HS JAGUARS @ STONEMAN DOUGLAS HS EAGLES
04/03/2060
 
TOP OF THE 1ST
Jefferson City HS Jaguars batting - Pitching for Stoneman Douglas HS Eagles : RHP Kyle Evans
Pitching: RHP Kyle Evans
Batting: LHB Jakob Stewart 0-0: Ball
1-0: Fly out, F7 (Flyball, 7S, EV 83.8 MPH)
Batting: RHB E.J. Compton 0-0: Called Strike
0-1: Foul Ball, location: 2F
0-2: Ball
1-2: Ball
2-2: Ball
3-2: Ground out 1-3 (Groundball, 13S, EV 72.5 MPH)
Batting: LHB Joey Trinidad 0-0: Swinging Strike
0-1: Ball
1-1: Ball
2-1: Foul Ball, location: 2F
2-2: Fly out, F8 (Flyball, 8RXD, EV 96.2 MPH)
Top of the 1st over - 0 runs, 0 hits, 0 errors, 0 left on base; Jefferson City HS 0 - Stoneman Douglas HS 0
BOTTOM OF THE 1ST
Stoneman Douglas HS Eagles batting - Pitching for Jefferson City HS Jaguars : RHP Connor Davis
Pitching: RHP Connor Davis
Batting: RHB Chris Reeves 0-0: Called Strike
0-1: Ball
1-1: Ball
2-1: Fly out, F8 (Flyball, 8RS, EV 91.9 MPH)
Batting: LHB Winston Ballard 0-0: Ball
1-0: SINGLE (Line Drive, 8RS, EV 88.1 MPH)
Batting: RHB Devyn Glover 0-0: Ball
1-0: Ball
2-0: Called Strike
2-1: Ball
3-1: Base on Balls
Winston Ballard to second
Batting: LHB Shawn Russell 0-0: Ball
1-0: Foul Ball, location: 2F
1-1: Ball
2-1: Foul Ball, location: 2F
2-2: DOUBLE (Line Drive, 78D, EV 98.8 MPH)
Winston Ballard scores
Devyn Glover to third
Batting: LHB Sylvester Todd 0-0: Ball
1-0: Ball
2-0: Ball
3-0: Called Strike
3-1: Called Strike
3-2: Foul Ball, location: 2F
3-2: Fly out, F5 (Popup, 5F, EV 78.1 MPH)
Batting: RHB Morgan Beierschmitt 0-0: Ball
1-0: DOUBLE (Flyball, 78D, EV 103.1 MPH)
Devyn Glover scores
Shawn Russell scores
Batting: RHB Brody Scherer 0-0: Called Strike
0-1: Fly out, F8 (Flyball, 8RS, EV 71.2 MPH)
Bottom of the 1st over - 3 runs, 3 hits, 0 errors, 1 left on base; Jefferson City HS 0 - Stoneman Douglas HS 3
TOP OF THE 2ND
Jefferson City HS Jaguars batting - Pitching for Stoneman Douglas HS Eagles : RHP Kyle Evans
Batting: RHB Dawson Overton 0-0: Swinging Strike
0-1: Ball
1-1: Ball
2-1: Ball
3-1: Foul Ball, location: 2F
3-2: Ground out 5-3 (Groundball, 56, EV 84.4 MPH)
Batting: SHB Kayden Kartodirdjo 0-0: Ball
1-0: Fly out, F9 (Flyball, 9, EV 72.5 MPH)
Batting: RHB Parker Benedetto 0-0: Ball
1-0: Swinging Strike
1-1: Called Strike
1-2: Ball
2-2: Ball
3-2: Strikes out swinging
Top of the 2nd over - 0 runs, 0 hits, 0 errors, 0 left on base; Jefferson City HS 0 - Stoneman Douglas HS 3
BOTTOM OF THE 2ND
Stoneman Douglas HS Eagles batting - Pitching for Jefferson City HS Jaguars : RHP Connor Davis
Batting: RHB Derek Williams 0-0: Called Strike
0-1: SINGLE (Groundball, 4MD, EV 97.5 MPH)
Batting: RHB Kyle Broadnax 0-0: DOUBLE (Line Drive, 89M, EV 110.0 MPH)
Derek Williams to third
Runner from 3rd tries for Home, SAFE, no throw by RF
Batting: RHB Chris Reeves 0-0: Ball
1-0: Ball
2-0: Ball
3-0: Called Strike
3-1: SINGLE (Groundball, 34D, EV 93.8 MPH)
Kyle Broadnax to third
Batting: LHB Winston Ballard 0-0: Ball
Chris Reeves steals 2nd, throwing error, E2
Kyle Broadnax scores
Chris Reeves to third
1-0: Fly out, F7 (Line Drive, 7S, EV 100.6 MPH)
Batting: RHB Devyn Glover 0-0: Foul Ball, location: 2F
0-1: Ground out 6-3 (Groundball, 6, EV 98.8 MPH)
Chris Reeves scores
Batting: LHB Shawn Russell 0-0: Foul Ball, location: 2F
0-1: Ground out 4-3 (Groundball, 4, EV 83.8 MPH)
Bottom of the 2nd over - 3 runs, 3 hits, 1 error, 0 left on base; Jefferson City HS 0 - Stoneman Douglas HS 6
TOP OF THE 3RD
Jefferson City HS Jaguars batting - Pitching for Stoneman Douglas HS Eagles : RHP Kyle Evans
Batting: SHB Hassan Meade 0-0: Ball
1-0: Foul Ball, location: 2F
1-1: Ball
2-1: Fly out, F7 (Flyball, 7, EV 88.8 MPH)
Batting: RHB Johnathan Applewhite 0-0: Foul Ball, location: 2F
0-1: Ball
1-1: Foul Ball, location: 2F
1-2: Strikes out swinging
Batting: RHB Cole Shirah 0-0: Fly out, F8 (Flyball, 89M, EV 90.0 MPH)
Top of the 3rd over - 0 runs, 0 hits, 0 errors, 0 left on base; Jefferson City HS 0 - Stoneman Douglas HS 6
BOTTOM OF THE 3RD
Stoneman Douglas HS Eagles batting - Pitching for Jefferson City HS Jaguars : RHP Connor Davis
Batting: LHB Sylvester Todd 0-0: Ball
1-0: Ball
2-0: Foul Ball, location: 2F
2-1: Fly out, F8 (Flyball, 78M, EV 76.9 MPH)
Batting: RHB Morgan Beierschmitt 0-0: Called Strike
0-1: Foul Ball, location: 2F
0-2: Ball
1-2: Ground out 5-3 (Groundball, 56, EV 86.9 MPH)
Batting: RHB Brody Scherer 0-0: Ball
1-0: Ball
2-0: Foul Ball, location: 2F
2-1: SOLO HOME RUN (Flyball, 8LXD, EV 110.0 MPH), Distance : 448 ft
Pitching: RHP Collin Parkinson
Batting: RHB Derek Williams 0-0: Swinging Strike
0-1: Foul Ball, location: 2F
0-2: Foul Ball, location: 2F
0-2: Strikes out swinging
Bottom of the 3rd over - 1 run, 1 hit, 0 errors, 0 left on base; Jefferson City HS 0 - Stoneman Douglas HS 7
TOP OF THE 4TH
Jefferson City HS Jaguars batting - Pitching for Stoneman Douglas HS Eagles : RHP Kyle Evans
Batting: LHB Jakob Stewart 0-0: Ball
1-0: Called Strike
1-1: Ball
2-1: Ball
3-1: Foul Ball, location: 2F
3-2: SOLO HOME RUN (Flyball, 9D, EV 96.2 MPH), Distance : 378 ft
Batting: RHB E.J. Compton 0-0: Ball
1-0: Ball
2-0: Ball
3-0: Called Strike
3-1: Base on Balls
Batting: LHB Joey Trinidad 0-0: Called Strike
0-1: Ball
1-1: Called Strike
E.J. Compton is caught stealing 2nd base 2-6
1-2: DOUBLE (Groundball, 3L, EV 100.0 MPH)
Batting: RHB Dawson Overton 0-0: Called Strike
0-1: Foul Ball, location: 2F
0-2: Ball
1-2: Foul Ball, location: 2F
1-2: Ball
2-2: SINGLE (Flyball, 3D, EV 94.4 MPH)
Joey Trinidad to third
Batting: SHB Kayden Kartodirdjo 0-0: Called Strike
0-1: Ball
1-1: Foul Ball, location: 2F
1-2: Foul Ball, location: 2F
1-2: Ball
2-2: Foul Ball, location: 2F
2-2: Ball
3-2: Fly out, F3 (Popup, 23F, EV 75.0 MPH)
Batting: RHB Parker Benedetto 0-0: Ball
1-0: Ball
2-0: Ground out 6-3 (Groundball, 6S, EV 75.0 MPH)
Top of the 4th over - 1 run, 3 hits, 0 errors, 2 left on base; Jefferson City HS 1 - Stoneman Douglas HS 7
BOTTOM OF THE 4TH
Stoneman Douglas HS Eagles batting - Pitching for Jefferson City HS Jaguars : RHP Collin Parkinson
Batting: RHB Kyle Broadnax 0-0: Called Strike
0-1: Ball
1-1: Swinging Strike
1-2: Ball
2-2: Fly out, F7 (Flyball, 78S, EV 96.2 MPH)
Batting: RHB Chris Reeves 0-0: Ball
1-0: Foul Ball, location: 2F
1-1: Ball
2-1: Foul Ball, location: 2F
2-2: Ball
3-2: Foul Ball, location: 2F
3-2: Base on Balls
Batting: LHB Winston Ballard 0-0: SINGLE (Line Drive, 9S, EV 108.8 MPH)
Chris Reeves to second
Batting: RHB Devyn Glover 0-0: Called Strike
0-1: Grounds into double play, 4-6-3 (Groundball, 4M, EV 103.8 MPH)
Bottom of the 4th over - 0 runs, 1 hit, 0 errors, 1 left on base; Jefferson City HS 1 - Stoneman Douglas HS 7
TOP OF THE 5TH
Jefferson City HS Jaguars batting - Pitching for Stoneman Douglas HS Eagles : RHP Kyle Evans
Batting: SHB Hassan Meade 0-0: Called Strike
0-1: Fly out, F8 (Flyball, 8RM, EV 95.0 MPH)
Batting: RHB Johnathan Applewhite 0-0: Ball
1-0: Swinging Strike
1-1: Ball
2-1: Foul Ball, location: 2F
2-2: SINGLE (Groundball, 4D, EV 104.4 MPH)
Batting: RHB Cole Shirah 0-0: Ball
1-0: Ball
2-0: Called Strike
2-1: Swinging Strike
2-2: Strikes out swinging
Pitching: RHP Keith Moss
Batting: LHB Jakob Stewart 0-0: Ball
Johnathan Applewhite steals 2nd, throwing error, E2
Johnathan Applewhite to third
1-0: SINGLE (Line Drive, 8LS, EV 93.1 MPH)
Johnathan Applewhite scores
Batting: RHB E.J. Compton 0-0: Ball
1-0: Foul Ball, location: 2F
1-1: Ball
2-1: Ball
3-1: Called Strike
3-2: Fly out, F9 (Line Drive, 9S, EV 92.5 MPH)
Top of the 5th over - 1 run, 2 hits, 1 error, 1 left on base; Jefferson City HS 2 - Stoneman Douglas HS 7
BOTTOM OF THE 5TH
Stoneman Douglas HS Eagles batting - Pitching for Jefferson City HS Jaguars : RHP Collin Parkinson
Batting: LHB Shawn Russell 0-0: Swinging Strike
0-1: Ball
1-1: Ball
2-1: Foul Ball, location: 2F
2-2: SINGLE (Groundball, 6MS, EV 68.8 MPH) (infield hit)
Batting: LHB Sylvester Todd 0-0: Foul Ball, location: 2F
0-1: Swinging Strike
0-2: Ball
1-2: Foul Ball, location: 2F
1-2: Foul Ball, location: 2F
1-2: Ball
2-2: Fly out, F8 (Flyball, 8LXD, EV 102.5 MPH)
Batting: RHB Morgan Beierschmitt Balk!
Shawn Russell to second
0-0: Ball
Passed Ball!
Shawn Russell to third
1-0: Ball
2-0: Ball
3-0: Called Strike
3-1: Base on Balls
Batting: RHB Brody Scherer 0-0: Ball
1-0: Ball
2-0: Called Strike
2-1: Called Strike
2-2: Foul Ball, location: 2F
2-2: Strikes out swinging
Batting: RHB Derek Williams 0-0: Ball
1-0: Called Strike
1-1: Fly out, F8 (Flyball, 8RXD, EV 81.2 MPH)
Bottom of the 5th over - 0 runs, 1 hit, 0 errors, 2 left on base; Jefferson City HS 2 - Stoneman Douglas HS 7
TOP OF THE 6TH
Jefferson City HS Jaguars batting - Pitching for Stoneman Douglas HS Eagles : RHP Keith Moss
Batting: LHB Joey Trinidad 0-0: Ball
1-0: Called Strike
1-1: Called Strike
1-2: SINGLE (Flyball, 8RS, EV 93.1 MPH) - OUT at second base trying to stretch hit.
Batting: RHB Dawson Overton 0-0: Ball
1-0: Foul Ball, location: 2F
1-1: Foul Ball, location: 2F
1-2: Fly out, F9 (Flyball, 9, EV 93.8 MPH)
Batting: SHB Kayden Kartodirdjo 0-0: Ball
1-0: Ball
2-0: Ball
3-0: Called Strike
3-1: Called Strike
3-2: Reached via error on a dropped throw from P, E3 (Groundball, 15S, EV 66.9 MPH)
Batting: RHB Parker Benedetto 0-0: Ball
Kayden Kartodirdjo steals 2nd base
1-0: Called Strike
1-1: Foul Ball, location: 2F
1-2: Ball
2-2: DOUBLE (Line Drive, 89D, EV 108.8 MPH)
Kayden Kartodirdjo scores
Batting: SHB Hassan Meade 0-0: Foul Ball, location: 2F
0-1: Ball
1-1: Ball
2-1: Foul Ball, location: 2F
2-2: Ball
3-2: SINGLE (Line Drive, 89M, EV 93.8 MPH)
Parker Benedetto to third
Runner from 3rd tries for Home, SAFE, throw by CF to home
Hassan Meade to second
Batting: RHB Johnathan Applewhite 0-0: Ball
1-0: Foul Ball, location: 2F
1-1: Ball
2-1: Called Strike
2-2: Ball
3-2: Strikes out swinging
Top of the 6th over - 2 runs, 3 hits, 1 error, 1 left on base; Jefferson City HS 4 - Stoneman Douglas HS 7
BOTTOM OF THE 6TH
Stoneman Douglas HS Eagles batting - Pitching for Jefferson City HS Jaguars : RHP Collin Parkinson
Batting: RHB Kyle Broadnax 0-0: Swinging Strike
0-1: Swinging Strike
0-2: Ball
1-2: Ball
2-2: Ball
3-2: Foul Ball, location: 2F
3-2: Foul Ball, location: 2F
3-2: Foul Ball, location: 2F
3-2: Foul Ball, location: 2F
3-2: Strikes out swinging
Batting: RHB Chris Reeves 0-0: Called Strike
0-1: Ball
1-1: Swinging Strike
1-2: Fly out, F7 (Flyball, 7, EV 91.2 MPH)
Batting: LHB Winston Ballard 0-0: Called Strike
0-1: Ball
1-1: SINGLE (Line Drive, 89S, EV 86.2 MPH)
Pitching: RHP Bingham Fisher
Batting: RHB Devyn Glover 0-0: Called Strike
0-1: Swinging Strike
0-2: Ball
1-2: Ball
2-2: Strikes out swinging
Bottom of the 6th over - 0 runs, 1 hit, 0 errors, 1 left on base; Jefferson City HS 4 - Stoneman Douglas HS 7
TOP OF THE 7TH
Jefferson City HS Jaguars batting - Pitching for Stoneman Douglas HS Eagles : RHP Keith Moss
Batting: RHB Cole Shirah 0-0: Called Strike
0-1: Ball
1-1: Fly out, F7 (Flyball, 7, EV 85.6 MPH)
Batting: LHB Jakob Stewart 0-0: Ball
1-0: Foul Ball, location: 2F
1-1: Ball
2-1: Ball
3-1: Called Strike
3-2: Fly out, F9 (Flyball, 9S, EV 85.6 MPH)
Batting: RHB E.J. Compton 0-0: Swinging Strike
0-1: Ball
1-1: SINGLE (Groundball, 4MD, EV 102.5 MPH)
Pitching: RHP Jarrod Santiago
Batting: LHB Joey Trinidad 0-0: Swinging Strike
0-1: Foul Ball, location: 2F
0-2: Ball
1-2: Strikes out swinging
Top of the 7th over - 0 runs, 1 hit, 0 errors, 1 left on base; Jefferson City HS 4 - Stoneman Douglas HS 7
BOTTOM OF THE 7TH
Stoneman Douglas HS Eagles batting - Pitching for Jefferson City HS Jaguars : RHP Bingham Fisher
Batting: LHB Shawn Russell 0-0: Ball
1-0: Ball
2-0: Called Strike
2-1: Swinging Strike
2-2: Strikes out swinging
Batting: LHB Sylvester Todd 0-0: Ball
1-0: SINGLE (Line Drive, 4MD, EV 100.0 MPH)
Batting: RHB Morgan Beierschmitt 0-0: Fielders Choice at 2nd, 6-4 (Groundball, 6, EV 97.5 MPH)
Batting: RHB Brody Scherer 0-0: Ball
1-0: Ball
2-0: Called Strike
2-1: Foul Ball, location: 2F
2-2: Ball
3-2: Ground out 6-3 (Groundball, 6S, EV 80.0 MPH)
Bottom of the 7th over - 0 runs, 1 hit, 0 errors, 1 left on base; Jefferson City HS 4 - Stoneman Douglas HS 7
TOP OF THE 8TH
Jefferson City HS Jaguars batting - Pitching for Stoneman Douglas HS Eagles : RHP Jarrod Santiago
Batting: RHB Dawson Overton 0-0: Ball
1-0: Swinging Strike
1-1: Foul Ball, location: 2F
1-2: Foul Ball, location: 2F
1-2: Foul Ball, location: 2F
1-2: Strikes out swinging
Batting: SHB Kayden Kartodirdjo 0-0: Ball
1-0: Foul Ball, location: 2F
1-1: Ball
2-1: Foul Ball, location: 2F
2-2: Ball
3-2: Fly out, F9 (Flyball, 9D, EV 105.0 MPH)
Batting: RHB Parker Benedetto 0-0: Called Strike
0-1: Ball
1-1: Ground out 4-3 (Groundball, 4D, EV 104.4 MPH)
Top of the 8th over - 0 runs, 0 hits, 0 errors, 0 left on base; Jefferson City HS 4 - Stoneman Douglas HS 7
BOTTOM OF THE 8TH
Stoneman Douglas HS Eagles batting - Pitching for Jefferson City HS Jaguars : RHP Bingham Fisher
Batting: RHB Derek Williams 0-0: Called Strike
0-1: Fly out, F7 (Flyball, 7LDF, EV 92.5 MPH)
Pitching: RHP Joey Carroll
Batting: RHB Kyle Broadnax 0-0: SINGLE (Groundball, 34D, EV 103.1 MPH)
Batting: RHB Chris Reeves 0-0: Called Strike
0-1: Ball
1-1: Called Strike
1-2: Ground out 4-3 (Groundball, 34, EV 83.1 MPH)
Kyle Broadnax to second
Batting: LHB Winston Ballard 0-0: Intentional Walk
Batting: RHB Devyn Glover 0-0: Called Strike
0-1: Ball
1-1: Ball
2-1: Foul Ball, location: 2F
2-2: Ground out 4-3 (Groundball, 4, EV 81.9 MPH)
Bottom of the 8th over - 0 runs, 1 hit, 0 errors, 2 left on base; Jefferson City HS 4 - Stoneman Douglas HS 7
TOP OF THE 9TH
Jefferson City HS Jaguars batting - Pitching for Stoneman Douglas HS Eagles : RHP Jarrod Santiago
Pitching: RHP Steven Durham
Batting: SHB Hassan Meade 0-0: Called Strike
0-1: Fly out, F9 (Flyball, 9LS, EV 95.0 MPH)
Batting: RHB Johnathan Applewhite 0-0: Called Strike
0-1: Swinging Strike
0-2: Strikes out swinging
Pinch Hitting: RHB Jaime Klutts 0-0: Ball
1-0: Foul Ball, location: 2F
1-1: Ball
2-1: Foul Ball, location: 2F
2-2: Foul Ball, location: 2F
2-2: Ground out 6-3 (Groundball, 6, EV 106.9 MPH)
Top of the 9th over - 0 runs, 0 hits, 0 errors, 0 left on base; Jefferson City HS 4 - Stoneman Douglas HS 7
Thursday, April 25th , 2024 - OOTP Baseball 23.10 Build 110